 Dungeon Crawl Stone Soup version 0.29.1-1-gd02db6906a (webtiles) character file.

Game seed: 18006954230455754575

407 jimonade the Skirmisher (level 6, -1/34 HPs)
             Began as a Deep Elf Hunter on Sept 23, 2022.
             Succumbed to a water moccasin's poison
             ... on level 6 of the Dungeon.
             The game lasted 00:07:37 (4066 turns).

jimonade the Skirmisher (Deep Elf Hunter)           Turns: 4066, Time: 00:07:37

Health: -1/34      AC:  8    Str:  8    XL:     6   Next: 57%
Magic:  8/8        EV: 12    Int: 14    God:
Gold:   242        SH:  0    Dex: 20    Spells: 5/5 levels left

rFire   . . .      SeeInvis .   a - +0 shortbow
rCold   . . .      Faith    .   (shield currently unavailable)
rNeg    + . .      Spirit   .   c - +0 leather armour
rPois   .          Reflect  .   w - +2 helmet
rElec   .          Harm     .   d - scarf {repulsion}
rCorr   +          Rampage  .   A - +0 pair of gloves {infuse}
Will    .....                   n - +0 pair of boots
Stlth   ++........              (no amulet)
HPRegen 0.11/turn               e - ring of positive energy
MPRegen 0.11/turn               k - ring of resist corrosion

@: lethally poisoned (-1 -> -14), repel missiles
A: no striking features
a: no special abilities


You were on level 6 of the Dungeon.
You visited 1 branch of the dungeon, and saw 6 of its levels.

You collected 242 gold pieces.

Inventory:

Hand Weapons
 a - a +0 shortbow (weapon)
 b - a +0 short sword of flaming
 v - a +4 dagger
 z - a +0 sling
Missiles
 t - 3 silver javelins
Armour
 c - a +0 leather armour (worn)
 d - a scarf of repulsion (worn)
 n - a +0 pair of boots (worn)
 w - a +2 helmet (worn)
 A - a +0 pair of gloves of infusion (worn)
Jewellery
 e - a ring of positive energy (left hand)
 k - a ring of resist corrosion (right hand)
Wands
 l - a wand of digging (5)
 B - a wand of paralysis (13)
Scrolls
 h - 2 scrolls of immolation
 o - 2 scrolls of identify {unknown}
 p - 2 scrolls of teleportation {unknown}
 u - 3 scrolls of enchant armour {unknown}
 x - a scroll of summoning {unknown}
 y - a scroll of brand weapon {unknown}
 C - a scroll of poison {unknown}
Potions
 f - a potion of heal wounds {unknown}
 g - 4 potions of degeneration {unknown}
 i - 3 potions of curing {unknown}
 j - a potion of flight {unknown}
 m - a potion of berserk rage {unknown}
 q - a potion of attraction {unknown}
 r - 2 potions of brilliance {unknown}
 s - 2 potions of mutation {unknown}


   Skills:
 - Level 1.5 Fighting
 + Level 10.4 Ranged Weapons
 - Level 2.4 Dodging
 - Level 1.2 Stealth


You had 5 spell levels left.
You didn't know any spells.
Your spell library was empty.

Dungeon Overview and Level Annotations

Branches:
Dungeon (6/15)
 Temple: D:4-7

Altars:
Zin

Shops:
D:2 [   D:4 :


Message History

Aim: a water moccasin (moderately wounded, 52% to hit)
You shoot an arrow.
The arrow barely misses the water moccasin.
You feel sick.
The water moccasin bites you but does no damage.
Fire: a) +0 shortbow
Press: ? - help, Q - select action, (/) - cycle Shift-Dir - straight line, f/p - water moccasin
Aim: a water moccasin (moderately wounded, 52% to hit)
You shoot an arrow.
The arrow barely misses the water moccasin.
You feel sick. The water moccasin bites you. The water moccasin misses you.
Fire: a) +0 shortbow
Press: ? - help, Q - select action, (/) - cycle Shift-Dir - straight line, f/p - water moccasin
Aim: a water moccasin (moderately wounded, 52% to hit)
You shoot an arrow. The arrow hits the water moccasin!
The water moccasin is severely wounded.
You feel sick. The water moccasin bites you.
Fire: a) +0 shortbow
Press: ? - help, Q - select action, (/) - cycle Shift-Dir - straight line, f/p - water moccasin
Aim: a water moccasin (severely wounded, 52% to hit)
You shoot an arrow.
The arrow closely misses the water moccasin.
You feel sick. The water moccasin bites you!
* * * LOW HITPOINT WARNING * * *
You are lethally poisoned!
The water moccasin poisons you! The water moccasin misses you.
Fire: a) +0 shortbow
Press: ? - help, Q - select action, (/) - cycle Shift-Dir - straight line, f/p - water moccasin
Aim: a water moccasin (severely wounded, 52% to hit)
You shoot an arrow.
The arrow barely misses the water moccasin.
* * * LOW HITPOINT WARNING * * *
You feel very sick.
The water moccasin bites you but does no damage.
Fire: a) +0 shortbow
Press: ? - help, Q - select action, (/) - cycle Shift-Dir - straight line, f/p - water moccasin
Aim: a water moccasin (severely wounded, 52% to hit)
You shoot an arrow.
The arrow barely misses the water moccasin.
You die...

...######
.........
.......#
......###
#......#
#....<#
#.S...#
#..@..#
#..........
#...........#
#...........#
#......<.####
######....
..... #....#


You could see a water moccasin.

Vanquished Creatures
  A phantom (D:4)
  A hound (D:4)
  2 orc priests
  An iguana (D:5)
  Robin (D:3)
  7 adders
  A white imp (D:5)
  An ufetubus (D:3)
  4 worms
  2 dart slugs (D:1)
  9 orcs
  7 ball pythons
  9 endoplasms
  2 giant cockroaches
  14 goblins
  11 hobgoblins
  5 quokkas
  4 bats
  6 frilled lizards
  13 kobolds
  7 rats
  2 bushes (D:1)
110 creatures vanquished.

Vanquished Creatures (others)
  8 plants (D:1)
8 creatures vanquished.

Grand Total: 118 creatures vanquished

Notes
Turn   | Place    | Note
-------+----------+-------------------------------------------
     0 | D:1      | jimonade the Deep Elf Hunter began the quest for the Orb.
     0 | D:1      | Reached XP level 1. HP: 12/12 MP: 3/3
   100 | D:1      | Reached skill level 6 in Ranged Weapons
   100 | D:1      | Reached XP level 2. HP: 8/16 MP: 4/4
   427 | D:1      | Reached XP level 3. HP: 20/20 MP: 5/5
   779 | D:1      | Found a faded altar of an unknown god.
  1062 | D:1      | Reached skill level 7 in Ranged Weapons
  1234 | D:2      | Reached XP level 4. HP: 24/25 MP: 6/6
  1661 | D:2      | Found Moniw's Antique Armour Shoppe.
  1949 | D:3      | Reached skill level 8 in Ranged Weapons
  2198 | D:3      | Noticed Robin
  2392 | D:3      | Killed Robin
  2532 | D:3      | Reached XP level 5. HP: 29/29 MP: 7/7
  3065 | D:4      | Reached skill level 9 in Ranged Weapons
  3447 | D:4      | Reached XP level 6. HP: 27/34 MP: 8/8
  3629 | D:4      | Reached skill level 10 in Ranged Weapons
  3747 | D:4      | Found Keuhaas's Book Emporium.
  3831 | D:4      | Found a glowing silver altar of Zin.
  3832 | D:4      | Noticed an angel
  3926 | D:5      | Entered Level 5 of the Dungeon
  4027 | D:5      | Noticed a water moccasin
  4066 | D:6      | Succumbed to a water moccasin's poison

Illustrated notes

Levels and vault maps discovered:
D:1:      mrwooster_arrival_statue_3, layout_loops_ring, serial_forest,
          infiniplex_forest_end_1, infiniplex_forest_lined_3,
          infiniplex_forest_clump_tiny, infiniplex_forest_lined_4_way,
          infiniplex_forest_clump_small, infiniplex_forest_corner_1,
          hellmonk_ecumenical_altar_pennies_from_heaven, lexackson_kobold_supper
D:2:      layout_basic, serial_shops, shop
D:3:      layout_loops_ring, kennysheep_generic_room_16, uniq_robin
D:4:      layout_rooms, zin_angel, serial_shops, nicolae_take_the_stairs,
          glass_columns_a, minmay_splitting_lines
D:5:      layout_loops_corners, trog_wizard, minmay_temple_entry_glassed_door,
          gammafunk_ghost_abyssal_escape, nicolae_shop_i_like_big_books,
          minmay_misc_feat_x, chequers_serial_rivers_small_b,
          minmay_joined_circles
D:6:      layout_basic, hangedman_decor_riveting, nrook_mini_vaults,
          uniq_grinder

Skill      XL: |  1  2  3  4  5  6 |
---------------+-------------------+-----
Ranged Weapons | 6 7 8 9 10 | 10.4
Fighting       | |  1.5
Dodging        | |  2.4
Stealth        | |  1.2

Action                   |  1- 3 |  4- 6 || total
-------------------------+-------+-------++-------
Melee: Short sword       |   269 |       ||   269
       Punch             |     4 |       ||     4
 Fire: Shortbow          |    90 |   193 ||   283
Armor: Leather armour    |     6 |    35 ||    41
Dodge: Dodged            |     9 |    57 ||    66
